EVO
STANFORD UNIVERSITY CARDINAL @ UNIVERSITY OF SOUTH CAROLINA GAMECOCKS
07/17/2049
 
TOP OF THE 1ST
Stanford University Cardinal batting - Pitching for University of South Carolina Gamecocks : LHP David Saltzman
Pitching: RHP Borisav Koljevic
Batting: RHB John Van der Linden 0-0: Ball
1-0: Swinging Strike
1-1: Foul Ball, location: 2F
1-2: Strikes out swinging
Batting: RHB Bobby Orantez 0-0: Ball
1-0: Called Strike
1-1: Called Strike
1-2: Foul Ball, location: 2F
1-2: Strikes out swinging
Batting: RHB Gary Preston 0-0: Ball
1-0: Called Strike
1-1: Fly out, F8 (Flyball, 8LM, EV 76.9 MPH)
Top of the 1st over - 0 runs, 0 hits, 0 errors, 0 left on base; Stanford University 0 - University of South Carolina 0
BOTTOM OF THE 1ST
University of South Carolina Gamecocks batting - Pitching for Stanford University Cardinal : RHP Nelson Enriquez
Pitching: RHP Nelson Enriquez
Batting: RHB Justin Kurutz 0-0: Called Strike
0-1: Ground out 5-3 (Groundball, 56S, EV 85.6 MPH)
Batting: RHB Brian Passalacqua 0-0: Ball
1-0: Ball
2-0: Ground out 6-3 (Groundball, 56, EV 102.5 MPH)
Batting: LHB Chris McNay 0-0: Swinging Strike
0-1: Fly out, F9 (Flyball, 9S, EV 86.9 MPH)
Bottom of the 1st over - 0 runs, 0 hits, 0 errors, 0 left on base; Stanford University 0 - University of South Carolina 0
TOP OF THE 2ND
Stanford University Cardinal batting - Pitching for University of South Carolina Gamecocks : RHP Borisav Koljevic
Batting: RHB Joe Petley 0-0: Swinging Strike
0-1: Ball
1-1: Ball
2-1: Ball
3-1: Foul Ball, location: 2F
3-2: Foul Ball, location: 2F
3-2: Base on Balls
Batting: RHB Dzevat Koljevic 0-0: Called Strike
0-1: Fly out, F8 (Line Drive, 8LD, EV 106.9 MPH)
Batting: RHB Josh Benefield 0-0: Called Strike
0-1: Ball
1-1: Ball
2-1: Ball
3-1: Called Strike
3-2: Strikes out looking
Batting: SHB Philippe Huff 0-0: Called Strike
0-1: Ball
1-1: Ball
2-1: Swinging Strike
2-2: SINGLE (Flyball, 8LS, EV 91.9 MPH)
Joe Petley to second
Batting: RHB Eric McDonald 0-0: Foul Ball, location: 2F
0-1: Ball
1-1: Swinging Strike
1-2: Ball
2-2: Ball
3-2: Foul Ball, location: 2F
3-2: Fly out, F7 (Flyball, 7S, EV 83.8 MPH)
Top of the 2nd over - 0 runs, 1 hit, 0 errors, 2 left on base; Stanford University 0 - University of South Carolina 0
BOTTOM OF THE 2ND
University of South Carolina Gamecocks batting - Pitching for Stanford University Cardinal : RHP Nelson Enriquez
Batting: RHB Phil Hanley 0-0: Called Strike
0-1: Foul Ball, location: 2F
0-2: Ball
1-2: Foul Ball, location: 2F
1-2: Foul Ball, location: 2F
1-2: Ball
2-2: Fly out, F8 (Flyball, 89M, EV 81.2 MPH)
Batting: RHB Josh Shirkey 0-0: Ball
1-0: Swinging Strike
1-1: Fly out, F8 (Flyball, 8RM, EV 85.0 MPH)
Batting: RHB Ben Turner 0-0: Ground out 4-3 (Groundball, 4MD, EV 80.0 MPH)
Bottom of the 2nd over - 0 runs, 0 hits, 0 errors, 0 left on base; Stanford University 0 - University of South Carolina 0
TOP OF THE 3RD
Stanford University Cardinal batting - Pitching for University of South Carolina Gamecocks : RHP Borisav Koljevic
Pitching: RHP Scott Arthur
Batting: LHB Mike Keating 0-0: SINGLE (Groundball, 25, EV 73.1 MPH) (infield hit)
Batting: RHB John Van der Linden 0-0: Foul Ball, location: 2F
0-1: Ball
1-1: Ball
Mike Keating steals 2nd base
2-1: Swinging Strike
2-2: Hit by Pitch
Batting: RHB Bobby Orantez 0-0: Called Strike
0-1: Ball
1-1: Called Strike
1-2: Ball
2-2: SINGLE (Flyball, 78S, EV 84.4 MPH)
Mike Keating to third
John Van der Linden to second
Batting: RHB Gary Preston 0-0: Called Strike
0-1: Called Strike
0-2: Strikes out swinging
Batting: RHB Ricky Medina 0-0: Fielders Choice at 2nd, 6-4 (Groundball, 6, EV 88.1 MPH)
Mike Keating scores
John Van der Linden to third
Batting: RHB Dzevat Koljevic 0-0: Foul Ball, location: 2F
0-1: Swinging Strike
0-2: Ball
1-2: Ball
2-2: Ball
3-2: Base on Balls
Ricky Medina to second
Batting: RHB Josh Benefield 0-0: Called Strike
0-1: Ball
Balk!
John Van der Linden scores
Ricky Medina to third
Dzevat Koljevic to second
1-1: Foul Ball, location: 2F
1-2: Foul Ball, location: 2F
1-2: Foul Ball, location: 2F
1-2: Strikes out swinging
Top of the 3rd over - 2 runs, 2 hits, 0 errors, 2 left on base; Stanford University 2 - University of South Carolina 0
BOTTOM OF THE 3RD
University of South Carolina Gamecocks batting - Pitching for Stanford University Cardinal : RHP Nelson Enriquez
Batting: RHB Keith Lynch 0-0: Foul Ball, location: 2F
0-1: Ground out 1-3 (Groundball, 34S, EV 70.6 MPH)
Batting: LHB David Fowler 0-0: Called Strike
0-1: Ball
1-1: SINGLE (Flyball, 34D, EV 93.1 MPH)
Batting: RHB Jonathan Long 0-0: Called Strike
0-1: Called Strike
0-2: Fly out, F4 (Popup, 4M, EV 72.5 MPH)
Batting: RHB Justin Kurutz 0-0: Called Strike
0-1: Foul Ball, location: 2F
0-2: Ball
1-2: Ball
2-2: Ball
3-2: Foul Ball, location: 2F
3-2: 2-RUN HOME RUN (Flyball, 78XD, EV 115.6 MPH), Distance : 449 ft
Batting: RHB Brian Passalacqua 0-0: Called Strike
0-1: Ball
1-1: Ball
2-1: Ball
3-1: Base on Balls
Batting: LHB Chris McNay 0-0: Called Strike
0-1: Ball
1-1: Ball
2-1: Foul Ball, location: 2F
2-2: Strikes out looking
Bottom of the 3rd over - 2 runs, 2 hits, 0 errors, 1 left on base; Stanford University 2 - University of South Carolina 2
TOP OF THE 4TH
Stanford University Cardinal batting - Pitching for University of South Carolina Gamecocks : RHP Scott Arthur
Pitching: RHP Carey Yarn
Batting: SHB Philippe Huff 0-0: Called Strike
0-1: Foul Ball, location: 2F
0-2: Strikes out swinging
Batting: RHB Eric McDonald 0-0: Ball
1-0: Called Strike
1-1: Swinging Strike
1-2: Foul Ball, location: 2F
1-2: Foul Ball, location: 2F
1-2: Ball
2-2: Foul Ball, location: 2F
2-2: Foul Ball, location: 2F
2-2: Ball
3-2: Strikes out swinging
Batting: LHB Mike Keating 0-0: Ball
1-0: SOLO HOME RUN (Flyball, 89XD, EV 100.6 MPH), Distance : 415 ft
Batting: RHB John Van der Linden 0-0: Ball
1-0: Called Strike
1-1: Swinging Strike
1-2: Ball
2-2: Ball
3-2: Foul Ball, location: 2F
3-2: Fly out, F8 (Line Drive, 8LS, EV 92.5 MPH)
Top of the 4th over - 1 run, 1 hit, 0 errors, 0 left on base; Stanford University 3 - University of South Carolina 2
BOTTOM OF THE 4TH
University of South Carolina Gamecocks batting - Pitching for Stanford University Cardinal : RHP Nelson Enriquez
Batting: RHB Phil Hanley 0-0: Ball
1-0: Swinging Strike
1-1: Ball
2-1: Ball
3-1: Fly out, F8 (Flyball, 8LS, EV 86.2 MPH)
Batting: RHB Josh Shirkey 0-0: Ball
1-0: Foul Ball, location: 2F
1-1: Ball
2-1: Fly out, F7 (Line Drive, 78M, EV 96.2 MPH)
Batting: RHB Ben Turner 0-0: Ball
1-0: Ground out 5-3 (Groundball, 5L, EV 78.8 MPH)
Bottom of the 4th over - 0 runs, 0 hits, 0 errors, 0 left on base; Stanford University 3 - University of South Carolina 2
TOP OF THE 5TH
Stanford University Cardinal batting - Pitching for University of South Carolina Gamecocks : RHP Carey Yarn
Now in RF: Abel Wensink
Batting: RHB Bobby Orantez 0-0: Foul Ball, location: 2F
0-1: Ball
1-1: Ball
2-1: Called Strike
2-2: Ground out 5-3 (Groundball, 56S, EV 65.0 MPH)
Batting: RHB Gary Preston 0-0: Ball
1-0: Foul Ball, location: 2F
1-1: Ball
2-1: Ball
3-1: Foul Ball, location: 2F
3-2: Base on Balls
Pitching: LHP Juichi Tanaka
Batting: RHB Ricky Medina 0-0: Fly out, F8 (Flyball, 8RM, EV 91.9 MPH)
Batting: RHB Dzevat Koljevic 0-0: Ball
1-0: Foul Ball, location: 2F
1-1: Ball
2-1: Foul Ball, location: 2F
2-2: Strikes out looking
Top of the 5th over - 0 runs, 0 hits, 0 errors, 1 left on base; Stanford University 3 - University of South Carolina 2
BOTTOM OF THE 5TH
University of South Carolina Gamecocks batting - Pitching for Stanford University Cardinal : RHP Nelson Enriquez
Now at C: Mike Gard
Batting: RHB Keith Lynch 0-0: Hit by Pitch
Batting: LHB David Fowler 0-0: Ball
1-0: Swinging Strike
1-1: Ball
2-1: Ball
3-1: Base on Balls
Keith Lynch to second
Batting: RHB Jonathan Long 0-0: Called Strike
0-1: Called Strike
0-2: Ball
1-2: Fly out, F8 (Flyball, 89M, EV 96.9 MPH)
Batting: RHB Justin Kurutz 0-0: Ball
1-0: Foul Ball, location: 2F
1-1: Ball
2-1: Fly out, F8 (Flyball, 8RM, EV 86.9 MPH)
Pinch Hitting: RHB Joel Bany 0-0: Ball
1-0: Ball
2-0: Ball
3-0: Base on Balls
Keith Lynch to third
David Fowler to second
Batting: RHB Abel Wensink 0-0: Ball
1-0: Swinging Strike
1-1: Ball
2-1: Ball
3-1: Foul Ball, location: 2F
3-2: Foul Ball, location: 2F
3-2: Strikes out swinging
Bottom of the 5th over - 0 runs, 0 hits, 0 errors, 3 left on base; Stanford University 3 - University of South Carolina 2
TOP OF THE 6TH
Stanford University Cardinal batting - Pitching for University of South Carolina Gamecocks : LHP Juichi Tanaka
Now at C: Pete Fitchett
Now at 1B: Joel Bany
Now at 2B: Danny Narvaez
Batting: RHB Josh Benefield 0-0: Called Strike
0-1: Foul Ball, location: 2F
0-2: Foul Ball, location: 2F
0-2: Foul Ball, location: 2F
0-2: Strikes out swinging
Pinch Hitting: RHB Erwin Young 0-0: Called Strike
0-1: Foul Ball, location: 2F
0-2: Ball
1-2: Strikes out swinging
Batting: RHB Eric McDonald 0-0: Called Strike
0-1: Swinging Strike
0-2: Ball
1-2: Ball
2-2: Ball
3-2: Foul Ball, location: 2F
3-2: Base on Balls
Batting: LHB Mike Keating 0-0: Ball
1-0: Ball
2-0: Ball
3-0: Base on Balls
Eric McDonald to second
Batting: RHB John Van der Linden 0-0: Ball
Wild Pitch!
Eric McDonald to third
Mike Keating to second
1-0: Called Strike
1-1: SINGLE (Line Drive, 6MD, EV 96.2 MPH)
Eric McDonald scores
Mike Keating to third
Runner from 3rd tries for Home, SAFE, throw by CF to home
Pitching: RHP Chris Kenny
Batting: RHB Bobby Orantez 0-0: Ball
1-0: Called Strike
1-1: Swinging Strike
1-2: Foul Ball, location: 2F
1-2: Foul Ball, location: 2F
1-2: Ball
2-2: Foul Ball, location: 2F
2-2: Ball
3-2: Fly out, F7 (Flyball, 7, EV 92.5 MPH)
Top of the 6th over - 2 runs, 1 hit, 0 errors, 1 left on base; Stanford University 5 - University of South Carolina 2
BOTTOM OF THE 6TH
University of South Carolina Gamecocks batting - Pitching for Stanford University Cardinal : RHP Nelson Enriquez
Pitching: RHP Steven Townsend
Now at SS: Erwin Young
Pinch Hitting: LHB Jörg Young 0-0: Called Strike
0-1: Ball
1-1: Swinging Strike
1-2: Fly out, F9 (Flyball, 9LM, EV 105.0 MPH)
Batting: RHB Josh Shirkey 0-0: Foul Ball, location: 2F
0-1: Ball
1-1: SOLO HOME RUN (Flyball, 7D, EV 110.0 MPH), Distance : 417 ft
Pinch Hitting: LHB Bert Webster 0-0: Swinging Strike
0-1: Ball
1-1: Foul Ball, location: 2F
1-2: Ball
2-2: Ground out U3 (Groundball, 3, EV 98.8 MPH)
Batting: RHB Danny Narvaez 0-0: Ball
1-0: Ground out 1-3 (Groundball, 13S, EV 66.9 MPH)
Bottom of the 6th over - 1 run, 1 hit, 0 errors, 0 left on base; Stanford University 5 - University of South Carolina 3
TOP OF THE 7TH
Stanford University Cardinal batting - Pitching for University of South Carolina Gamecocks : RHP Chris Kenny
Pitching: LHP Mijalko Brkic
Now at 3B: Steve Gibson
Now at SS: Bert Webster
Now in LF: Jörg Young
Now in CF: Abel Wensink
Now in RF: Gregg Burchett
Batting: RHB Mike Gard 0-0: Ball
1-0: Called Strike
1-1: Ball
2-1: Swinging Strike
2-2: Ball
3-2: Foul Ball, location: 2F
3-2: Base on Balls
Batting: LHB Donny Kleinjan 0-0: Called Strike
0-1: Foul Ball, location: 2F
0-2: Ball
1-2: DOUBLE (Flyball, 89XD, EV 115.0 MPH)
Mike Gard to third
Batting: RHB Dzevat Koljevic 0-0: Ball
1-0: Ball
2-0: Foul Ball, location: 2F
2-1: Swinging Strike
2-2: Ball
3-2: Strikes out swinging
Batting: RHB Josh Benefield 0-0: Called Strike
0-1: Ball
1-1: Ball
2-1: Called Strike
2-2: Foul Ball, location: 2F
2-2: Foul Ball, location: 2F
2-2: Strikes out looking
Batting: RHB Erwin Young 0-0: Called Strike
0-1: Ball
1-1: Foul Ball, location: 2F
1-2: Foul Ball, location: 2F
1-2: Ball
2-2: Ball
3-2: Fly out, F6 (Line Drive, 6, EV 74.4 MPH)
Top of the 7th over - 0 runs, 1 hit, 0 errors, 2 left on base; Stanford University 5 - University of South Carolina 3
BOTTOM OF THE 7TH
University of South Carolina Gamecocks batting - Pitching for Stanford University Cardinal : RHP Steven Townsend
Batting: RHB Lance Neldon 0-0: Ball
1-0: Ball
2-0: Fly out, F8 (Line Drive, 78D, EV 92.5 MPH)
Batting: LHB Pete Fitchett 0-0: Called Strike
0-1: Fly out, F7 (Flyball, 7, EV 83.1 MPH)
Batting: RHB Steve Gibson 0-0: Ball
1-0: Ball
2-0: Ball
3-0: Called Strike
3-1: Base on Balls
Pinch Hitting: RHB Sammy Armstrong 0-0: Called Strike
0-1: Ball
1-1: Ball
2-1: Fly out, F8 (Flyball, 8LD, EV 81.2 MPH)
Bottom of the 7th over - 0 runs, 0 hits, 0 errors, 1 left on base; Stanford University 5 - University of South Carolina 3
TOP OF THE 8TH
Stanford University Cardinal batting - Pitching for University of South Carolina Gamecocks : LHP Mijalko Brkic
Pitching: RHP Nelson Knopp
Now at 1B: Keith Mihas
Batting: RHB Eric McDonald 0-0: DOUBLE (Flyball, 8LD, EV 100.0 MPH)
Batting: LHB Mike Keating 0-0: Ball
1-0: Foul Ball, location: 2F
1-1: Called Strike
1-2: Fly out, F9 (Flyball, 89M, EV 81.2 MPH)
Batting: RHB John Van der Linden 0-0: Intentional Walk
Batting: RHB Bobby Orantez 0-0: Called Strike
0-1: Ball
1-1: Called Strike
1-2: Ball
2-2: Foul Ball, location: 2F
2-2: Strikes out swinging
Batting: RHB Mike Gard 0-0: Called Strike
0-1: Ball
1-1: Fielders Choice at 2nd, 6-4 (Groundball, 6, EV 80.0 MPH)
Top of the 8th over - 0 runs, 1 hit, 0 errors, 2 left on base; Stanford University 5 - University of South Carolina 3
BOTTOM OF THE 8TH
University of South Carolina Gamecocks batting - Pitching for Stanford University Cardinal : RHP Steven Townsend
Pitching: RHP Andy Swan
Batting: RHB Abel Wensink 0-0: Ball
1-0: Ball
2-0: Foul Ball, location: 2F
2-1: Fly out, F8 (Line Drive, 8RD, EV 85.6 MPH)
Batting: LHB Jörg Young 0-0: Ball
1-0: Ball
2-0: Called Strike
2-1: Foul Ball, location: 2F
2-2: Foul Ball, location: 2F
2-2: Ground out 4-3 (Groundball, 4, EV 80.0 MPH)
Batting: LHB Gregg Burchett 0-0: Ball
1-0: Called Strike
1-1: SOLO HOME RUN (Flyball, 9D, EV 97.5 MPH), Distance : 386 ft
Batting: LHB Bert Webster 0-0: Called Strike
0-1: Called Strike
0-2: Ball
1-2: SINGLE (Line Drive, 9LM, EV 100.0 MPH)
Batting: RHB Danny Narvaez 0-0: Fly out, F7 (Flyball, 78M, EV 80.0 MPH)
Bottom of the 8th over - 1 run, 2 hits, 0 errors, 1 left on base; Stanford University 5 - University of South Carolina 4
TOP OF THE 9TH
Stanford University Cardinal batting - Pitching for University of South Carolina Gamecocks : RHP Nelson Knopp
Pitching: LHP Cris Duran
Batting: LHB Donny Kleinjan 0-0: Ball
1-0: SINGLE (Groundball, 6MD, EV 101.9 MPH)
Pitching: RHP Bob Conway
Batting: RHB Dzevat Koljevic 0-0: Ball
1-0: SINGLE (Line Drive, 8LM, EV 98.1 MPH)
Donny Kleinjan to second
Batting: RHB Josh Benefield 0-0: Foul Ball, location: 2F
0-1: Sac Bunt to 15 - play at first, batter OUT! 1-4
Donny Kleinjan to third
Dzevat Koljevic to second
Batting: RHB Erwin Young 0-0: DOUBLE (Line Drive, 7LS, EV 90.6 MPH)
Donny Kleinjan scores
Dzevat Koljevic scores
Batting: RHB Eric McDonald 0-0: Ball
1-0: Swinging Strike
1-1: Ground out 4-3 (Groundball, 4M, EV 80.6 MPH)
Erwin Young to third
Batting: LHB Mike Keating 0-0: Called Strike
0-1: Ball
1-1: Swinging Strike
1-2: Ball
2-2: Strikes out swinging
Top of the 9th over - 2 runs, 3 hits, 0 errors, 1 left on base; Stanford University 7 - University of South Carolina 4
BOTTOM OF THE 9TH
University of South Carolina Gamecocks batting - Pitching for Stanford University Cardinal : RHP Andy Swan
Pitching: RHP Dante Verduzco
Batting: RHB Lance Neldon 0-0: Ball
1-0: Swinging Strike
1-1: Fly out, F9 (Line Drive, 9, EV 97.5 MPH)
Pinch Hitting: LHB Corey Lomas 0-0: Called Strike
0-1: Foul Ball, location: 2F
0-2: Strikes out swinging
Batting: RHB Steve Gibson 0-0: Foul Ball, location: 2F
0-1: Swinging Strike
0-2: Ball
1-2: Ball
2-2: SINGLE (Groundball, 6MD, EV 109.4 MPH)
Batting: SHB Keith Mihas 0-0: Called Strike
0-1: Called Strike
0-2: Ball
1-2: Foul Ball, location: 2F
1-2: Fly out, F7 (Line Drive, 7, EV 86.9 MPH)
Bottom of the 9th over - 0 runs, 1 hit, 0 errors, 1 left on base; Stanford University 7 - University of South Carolina 4
Sunday, July 16th , 2023 - OOTP Baseball 24.6 Build 69